AoeStats
← peters96

Arena

504690603Analyzed
1v1 RM · 27d ago on Sep 6, 2026· 21m 0s· 2 players
Game mode
Random Map
Map size
Tiny (2 player)
Population
200
Speed
Normal
Resources
Standard
Victory
Conquest
Starting age
Dark Age
Ending age
Imperial Age
RankedLock teamsTeams togetherTeam positionsShared explorationLock speedFull tech treeHidden civsTurbo modeCheats
Victory
Defeat
🇻🇳 Portuguese · Vietnam
966
+15
🇩🇪 Bohemians · Germany
953
-15
peters96
10:21 Loom
13:11 Feudal Age
13:48 Double-Bit Axe
14:32 Horse Collar
18:36 Castle Age
20:25 Ballistics
21:09 Chemistry
nguyenductuqtqt
10:30 Feudal Age
14:24 Castle Age
13:18 Double-Bit Axe
17:49 Bow Saw
Connection lost

Rejoining the realm…

Still unreachable

The connection could not be restored.

Session expired

The server has moved on; the page needs a fresh start.